 Dungeon Crawl Stone Soup version 0.27-a0-1154-gfdeffcb720 (webtiles) character file.

Game seed: 16078190985868873161

7 voltaire321 the Ducker (level 2, -3/23 HPs)
             Began as a Merfolk Gladiator on May 14, 2021.
             Slain by a kobold
             ... wielding a +0 short sword
              (5 damage)
             ... on level 1 of the Dungeon.
             The game lasted 00:00:29 (120 turns).

voltaire321 the Ducker (Merfolk Gladiator)           Turns: 120, Time: 00:00:30

Health: -3/23      AC:  4    Str: 14    XL:     2   Next: 0%
Magic:  2/2        EV: 13    Int:  7    God:
Gold:   25         SH:  0    Dex: 15    Spells: 1/1 levels left

rFire    . . .     SeeInvis .   a - +0 long sword
rCold    . . .     Faith    .   (no shield)
rNeg     . . .     Spirit   .   b - +0 leather armour
rPois    .         Reflect  .   c - +0 helmet
rElec    .         Harm     .   (no cloak)
rCorr    .         Rampage  .   (no gloves)
Will     .....                  (no boots)
Stlth    +.........             (no amulet)
HPRegen  0.07/turn              (no ring)
MPRegen  0.08/turn              (no ring)

@: no status effects
A: (nimble swimmer 2), mertail
a: no special abilities


You were on level 1 of the Dungeon.
You visited 1 branch of the dungeon, and saw 1 of its levels.

You collected 25 gold pieces.

Inventory:

Hand Weapons
 a - a +0 long sword (weapon)
Missiles
 d - 3 throwing nets (quivered)
Armour
 b - a +0 leather armour (worn)
 c - a +0 helmet (worn)


   Skills:
 + Level 2.3 Fighting
 + Level 3.4 Long Blades
 + Level 2.1 Throwing
 + Level 4.2 Dodging


You had one spell level left.
You didn't know any spells.
Your spell library was empty.

Dungeon Overview and Level Annotations

Branches:
Dungeon (1/15)

Altars:


Innate Abilities, Weirdness & Mutations

((You are quick and stealthy near water. (Stealth+, EV+, Speed+++)))
Your lower body shifts to a powerful aquatic tail in water.


Message History

The frilled lizard closely misses you.
You closely miss the frilled lizard. The frilled lizard bites you.
You closely miss the ball python. The ball python barely misses you.
The ball python closely misses you.
The frilled lizard unfolds its giant frill.
The frilled lizard bites you. The ball python bites you.
The ball python grabs you. The ball python constricts you.
You hit the ball python.
The ball python is moderately wounded.
The frilled lizard barely misses you. The ball python closely misses you.
You riposte.
You hit the ball python but do no damage.
The ball python is moderately wounded.
The ball python constricts you.
The frilled lizard bites you but does no damage.
You hit the ball python.
You kill the ball python!
The frilled lizard misses you.
You hit the frilled lizard.
You kill the frilled lizard!
You see here a frilled lizard corpse.
A goblin and 2 kobolds come into view.
The goblin shouts!
You see here a scroll labelled MICUYT MAVODANN.
The kobold shouts!
You see here a frilled lizard corpse.
A goblin is nearby!
The goblin hits you with a +0 club.
* * * LOW HITPOINT WARNING * * *
You slash the goblin!
You kill the goblin!
The kobold hits you with a +0 short sword.
* * * LOW HITPOINT WARNING * * *
You have reached level 2!
You barely miss the kobold.
The kobold hits you with a +0 short sword.
* * * LOW HITPOINT WARNING * * *
You barely miss the kobold.
The kobold hits you with a +0 short sword.
You die...

#...# #.......#
#####...#
#.#.....##
#.......#
#.#.....##
#.####..#
#.#.....## #.#
#..# ####.#####.##
#.# #..# #.....#
#.## #.#
#..####.....# #.##
#.# #..K........#
#...
#.#####@####.....#
#... #.......#
#.....####.##
#########
#...†......#
#...†g.######
#......#.....
#.....?....g.
.....####......
....... ......
......# ......


You could see a kobold.

Vanquished Creatures
  A dart slug (D:1)
  A bat (D:1)
  A goblin (D:1)
  A ball python (D:1)
  A frilled lizard (D:1)
5 creatures vanquished.

Notes
Turn   | Place    | Note
-------+----------+-------------------------------------------
     0 | D:1      | voltaire321 the Merfolk Gladiator began the quest for the
                  | Orb.
     0 | D:1      | Reached XP level 1. HP: 16/16 MP: 1/1
   119 | D:1      | Reached XP level 2. HP: 3/23 MP: 2/2
   120 | D:1      | Slain by a kobold

Illustrated notes

Levels and vault maps discovered:
D:1:      minmay_arrival_wavy_path, layout_basic

Action                   || total
-------------------------++-------
Melee: Long sword        ||    11
Armor: Leather armour    ||     2
Dodge: Dodged            ||    10
       Rpst.: Long sword ||     2

Table legend: (Time is in decaauts)
 A = Elapsed time spent in this place.
 B = Non-inter-level travel time spent in this place.
 C = Inter-level travel time spent in this place.
 D = Time resting spent in this place.
 E = Time spent auto-exploring this place.
 F = Levels seen in this place.
 G = Mean time per level.
                   A        B        C        D        E       F      G
               +--------+--------+--------+--------+--------+-----+--------+
         Total |    122 |    122 |      0 |      0 |     67 |   1 |  122.0 |
       Dungeon |    122 |    122 |      0 |      0 |     67 |   1 |  122.0 |
               +--------+--------+--------+--------+--------+-----+--------+

Top non-repeatable levels by time:
     D:1: 122 daAuts
